 Dungeon Crawl Stone Soup version 0.31-a0-1612-g4aaf141004 (webtiles) character file.

Game seed: 1040285628808754118

50 LeprechaunX the Changeling (level 3, -9/24 HPs)
             Began as an Octopode Shapeshifter on Jan 9, 2024.
             Mangled by an ogre
             ... wielding a +0 giant club
              (16 damage)
             ... on level 2 of the Dungeon.
             The game lasted 00:01:36 (1087 turns).

LeprechaunX the Changeling (Octopode Shapeshifter)  Turns: 1087, Time: 00:01:37

Health: -9/24      AC:  1    Str: 19    XL:     3   Next: 79%
Magic:  12/12      EV: 13    Int: 12    God:
Gold:   58         SH:  0    Dex: 13    Spells: 2/2 levels left

rFire   . .          .
                       - Unarmed
rCold   . . .        (no shield)
rNeg    . . .        (helmet currently unavailable)
rPois   .            (no amulet)
rElec   .            g - ring of magical power
rCorr   .            n - +6 ring of strength
SInv    .            (no ring)
Will    .....        (no ring)
Stlth   ++           (no ring)
HPRegen 0.24/turn    (no ring)
MPRegen 0.13/turn    (no ring)
                     (no ring)

%: no passive effects
@: beast-form
A: beast (slay +2), almost no armour, amphibious, 8 rings, camouflage 1,
gelatinous body 1, (nimble swimmer 1), tentacles
a: Begin Untransformation


You were on level 2 of the Dungeon.
You were a hulking beast.
You visited 1 branch of the dungeon, and saw 2 of its levels.

You collected 58 gold pieces.

Inventory:

Missiles
 o - 3 boomerangs (quivered)
Jewellery
 g - a ring of magical power (left tentacle)
 n - a +6 ring of strength (right tentacle)
Talismans
 b - a beast talisman
 c - a flux talisman
Wands
 l - a wand of quicksilver (14)
Scrolls
 f - a scroll of identify {unknown}
 i - 2 scrolls of teleportation {unknown}
 k - a scroll of enchant weapon {unknown}
 m - a scroll of enchant armour {unknown}
Potions
 a - a potion of lignification
 d - 2 potions of brilliance {unknown}
 e - a potion of ambrosia {unknown}
 h - a potion of berserk rage {unknown}
 j - a potion of resistance {unknown}


   Skills:
 + Level 1.8 Fighting
 + Level 0.0 Throwing
 - Level 2.0 Dodging
 + Level 3.4 Unarmed Combat
 + Level 0.0 Evocations
 * Level 3.7 Shapeshifting


You had 2 spell levels left.
You didn't know any spells.
Your spell library was empty.

Dungeon Overview and Level Annotations

Branches:
Dungeon (2/15)

Altars:

Shops:
D:1 ?


Innate Abilities, Weirdness & Mutations

You are a hulking beast.
Your limbs bulge with bestial killing power. (Slay +2)
You cannot wear most types of armour.
You are amphibious.
You can wear up to eight rings at the same time.
Your skin changes colour to match your surroundings (Stealth+).
Your rubbery body absorbs attacks. (AC +1, EV +1)
((You are camouflaged when in or above water. (Stealth+)))
You have tentacles for arms and can constrict up to eight enemies at once.


Message History

No target in view!
No target in view!
No target in view!
No target in view!
No target in view!
No target in view!
No target in view!
No target in view!
You feel stronger.
n - a +6 ring of strength (right tentacle) Nothing quivered!
You see here 3 boomerangs.
o - 3 boomerangs
i - 2 scrolls labelled XEOH FUISYPOVO (gained 1)
An ogre comes into view. It is wielding a +0 giant club.
The ogre shouts!
An ogre is nearby!
A ball python comes into view.
Found a stone staircase leading down.
The ball python hisses angrily.
The ogre hits you with a +0 giant club!!
Ouch! That really hurt!
* * * LOW HITPOINT WARNING * * *
Unknown command.
You bludgeon the ogre! You tentacle-slap the ogre.
The ogre is moderately wounded.
Unknown command.
You barely miss the ogre.
The ogre is moderately wounded.
The ogre misses you. The ball python closely misses you.
The ball python barely misses you.
You tentacle-slap the ogre.
The ogre is heavily wounded.
The ball python closely misses you. The ball python barely misses you.
Unknown command.
You tentacle-slap the ogre.
The ogre is heavily wounded.
The ogre hits you with a +0 giant club!
Ouch! That really hurt!
You die...

.....######...###.#
...... ##..###.##
..... #.......#
##### .##.###.#.#
.... #...#
###..####..#
>...........#
............##
........Sh...#
........O....#
.............#
.............#
.............#
.............#
............##
.....#.....##
############


You could see an ogre and a ball python.

Vanquished Creatures
  An adder (D:2)
  A dart slug (D:1)
  A ribbon worm (D:2)
  4 ball pythons
  5 endoplasms (D:1)
  2 giant cockroaches (D:2)
  2 goblins (D:1)
  3 hobgoblins (D:1)
  7 kobolds
  2 quokkas (D:1)
  2 bats (D:1)
  2 frilled lizards (D:1)
  3 rats
35 creatures vanquished.

Notes
Turn   | Place    | Note
-------+----------+-------------------------------------------
     0 | D:1      | LeprechaunX the Octopode Shapeshifter began the quest for
                  | the Orb.
     0 | D:1      | Reached XP level 1. HP: 13/13 MP: 1/1
    67 | D:1      | Reached XP level 2. HP: 17/18 MP: 2/2
   166 | D:1      | Found Reremmo's Magic Scroll Shoppe.
   424 | D:1      | Reached XP level 3. HP: 23/23 MP: 3/3
  1077 | D:2      | Noticed an ogre
  1087 | D:2      | Mangled by an ogre

Illustrated notes

Levels and vault maps discovered:
D:1:      amcnicky_arrival_feature_with_door, layout_loops_cross, serial_shops,
          nicolae_shop_rolled_up, grunt_decor_arrowhead
D:2:      layout_rooms, uniq_natasha

Action                     || total
---------------------------++-------
  Melee: Unarmed           ||    64
         Constrict         ||    17
         Tentacles         ||    14
         Punch             ||     2
   Stab: Sleeping          ||     9
 Armour: Skin              ||    24
  Dodge: Dodged            ||    27

Table legend: (Time is in decaauts)
 A = Elapsed time spent in this place.
 B = Non-inter-level travel time spent in this place.
 C = Inter-level travel time spent in this place.
 D = Time resting spent in this place.
 E = Time spent auto-exploring this place.
 F = Levels seen in this place.
 G = Mean time per level.
                   A        B        C        D        E       F      G
               +--------+--------+--------+--------+--------+-----+--------+
         Total |   1081 |   1068 |     13 |      0 |    872 |   2 |  540.5 |
       Dungeon |   1081 |   1068 |     13 |      0 |    872 |   2 |  540.5 |
               +--------+--------+--------+--------+--------+-----+--------+

Top non-repeatable levels by time:
     D:1: 831 daAuts
     D:2: 250 daAuts
